 Dungeon Sprint DCSS version 0.31-a0-965-g8a8ce12e04 (webtiles) character file.

Game seed: 2528614421133636035

368 rocky1 the Grappler (level 6, 0/59 (65) HPs)
             Began as an Ogre Shapeshifter on Oct 27, 2023.
             Was an Initiate of Gozag.
             Slain by a wight
             ... wielding a +0 flail
              (15 damage)
             ... in the Dungeon (Sprint VII: "The Pits").
             The game lasted 00:01:34 (424 turns).

rocky1 the Grappler (Ogre Shapeshifter)              Turns: 424, Time: 00:01:34

HP:   0/59 (65)     AC:  3    Str: 19    XL:     6   Next: 69%
MP:   6/6           EV: 11    Int: 11    God:    Gozag
Gold: 801           SH:  0    Dex: 10    Spells: 5/5 levels left

rFire   . .          .
                       - Unarmed
rCold   . . .        (no shield)
rNeg    . . .        a - +0 animal skin
rPois   .            (helmet currently unavailable)
rElec   .            (cloak currently unavailable)
rCorr   .            (gloves unavailable)
SInv    .            (boots unavailable)
Will    .....        (no amulet)
Stlth   +            (no ring)
HPRegen 0.29/turn    (no ring)
MPRegen 0.10/turn

%: no teleportation
@: beast-form, on berserk cooldown, slowed, drained, very slow
A: beast (slay +4), large, unfitting armour, tough skin 1
a: Begin Untransformation, Renounce Religion, Potion Petition, Call Merchant,
Bribe Branch


You were in the Dungeon.
You worshipped Gozag.
Gozag was pleased with you.
You were a hulking beast.
You visited 1 branch You collected 801 gold pieces.

Inventory:

Armour
 a - a +0 animal skin (worn)
Talismans
 c - a beast talisman
 d - a flux talisman
Scrolls
 j - a scroll of blinking
 l - 2 scrolls of vulnerability
 m - 5 scrolls of amnesia
 n - a scroll of summoning
Potions
 b - a potion of lignification
 e - 6 potions of curing
 g - a potion of haste
 h - 4 potions of magic
 i - a potion of berserk rage
 k - 2 potions of invisibility


   Skills:
 + Level 4.8 Fighting
 + Level 5.6 Dodging
 + Level 8.9 Unarmed Combat
 + Level 7.6 Shapeshifting


You had 5 spell levels left.
You didn't know any spells.
Your spell library was empty.

Dungeon Overview and Level Annotations

Branches:
Dungeon (1/1)

Altars:
Ashenzari
Cheibriados
Dithmenos
Elyvilon
Fedhas
Gozag
Hepliaklqana
Kikubaaqudgha
Makhleb
Nemelex Xobeh
Okawaru
Qazlal
Ru
Sif Muna
Trog
Uskayaw
Vehumet
Wu Jian
Xom
Yredelemnul
Zin
The Shining One
Jiyva
Lugonu


Innate Abilities, Weirdness & Mutations

You are a hulking beast.
Your limbs bulge with bestial killing power. (Slay +4)
You are too large for most types of armour.
You have tough skin. (AC +1)


Message History

You destroy the wight!
The wight is no longer distracted by gold.
The wight hits you from afar with a +0 halberd.
* * * LOW HITPOINT WARNING * * *
Your life force feels restored.
Unknown command.
You feel much better.
The wight is no longer distracted by gold. x2
The wight closely misses you.
The wight is distracted by your dazzling golden aura.
The wight closely misses you.
Things that are here:
27 gold pieces; a +0 club The wight barely misses you.
The wight hits you with a +0 halberd!
You feel drained.
Items here: $ )) [.
You closely miss the wight. You punch the wight, but do no damage.
The wight hits you with a +0 halberd!
* * * LOW HITPOINT WARNING * * *
You feel drained.
* * * LOW HITPOINT WARNING * * *
You feel much better.
The wight is no longer distracted by gold.
The wight misses you.
You barely miss the wight. The wight closely misses you.
The wight hits you but does no damage.
You punch the wight!
The wight is heavily damaged.
The wight hits you with a +0 flail.
You feel drained. The wight closely misses you.
You hit the wight but do no damage.
The wight is heavily damaged.
The wight hits you with a +0 flail!
The wight hits you from afar with a +0 halberd!
* * * LOW HITPOINT WARNING * * *
You hit the wight.
The wight is severely damaged.
The wight closely misses you. The wight hits you with a +0 flail!
You die...
Your body crumbles into a pile of gold.

#'#####'#####.....
#.#...#.#[[##.....
#.#...#.#))#####'#
#.#...'.#))##.....
#.##'####))##.....
#.#.....#..##.....
#.#.....#'###...<.
#$#........##.....
#h#........##.....
#z###########.....
#zz.....# ######
#..###..#
#.......#
##.###.## .. .##
..


You could see 3 wights.

Vanquished Creatures
  A warg (D)
  Pargi (D)
  2 wights (D)
  A hound (D)
  A gnoll (D)
  An ufetubus (D)
  An adder zombie (D)
  A goblin (D)
  5 jackals (D)
  2 ball pythons (D)
  A bat (D)
  A frilled lizard (D)
  A rat (D)
19 creatures vanquished.

Notes
Turn   | Place    | Note
-------+----------+-------------------------------------------
     0 | D        | rocky1 the Ogre Shapeshifter began the quest for the Orb.
     0 | D        | Reached XP level 1. HP: 19/19 MP: 1/1
    16 | D        | Reached skill level 3 in Unarmed Combat
    41 | D        | Found a bloodstained altar of Trog.
    41 | D        | Found a shimmering blue altar of Sif Muna.
    41 | D        | Found a viscous altar of Jiyva.
    41 | D        | Found a hazy altar of Hepliaklqana.
    41 | D        | Found an opulent altar of Gozag.
    42 | D        | Found a glowing golden altar of the Shining One.
    42 | D        | Found a glowing silver altar of Zin.
    42 | D        | Found a basalt altar of Yredelemnul.
    42 | D        | Found a shimmering altar of Xom.
    42 | D        | Found an ornate altar of the Wu Jian Council.
    42 | D        | Found a sacrificial altar of Ru.
    42 | D        | Found a stormy altar of Qazlal.
    42 | D        | Found an iron altar of Okawaru.
    42 | D        | Found a sparkling altar of Nemelex Xobeh.
    42 | D        | Found a burning altar of Makhleb.
    42 | D        | Found a blossoming altar of Fedhas.
    42 | D        | Found a white marble altar of Elyvilon.
    42 | D        | Found a shadowy altar of Dithmenos.
    42 | D        | Found a snail-covered altar of Cheibriados.
    44 | D        | Found a radiant altar of Vehumet.
    44 | D        | Found a corrupted altar of Lugonu.
    46 | D        | Found an ancient bone altar of Kikubaaqudgha.
    46 | D        | Found a hide-covered altar of Uskayaw.
    46 | D        | Found a broken altar of Ashenzari.
    49 | D        | Became a worshipper of Gozag Ym Sagoz the Greedy
    64 | D        | Reached XP level 2. HP: 18/27 MP: 2/2
   220 | D        | Noticed Pargi
   238 | D        | Reached skill level 4 in Unarmed Combat
   278 | D        | Killed Pargi
   279 | D        | Reached skill level 6 in Unarmed Combat
   279 | D        | Reached skill level 5 in Shapeshifting
   279 | D        | Reached XP level 3. HP: 34/36 MP: 3/3
   279 | D        | Reached XP level 4. HP: 41/44 MP: 4/4
   390 | D        | Noticed a warg
   402 | D        | Reached XP level 5. HP: 52/52 MP: 5/5
   406 | D        | Reached skill level 7 in Unarmed Combat
   409 | D        | Killed a warg
   410 | D        | Reached skill level 5 in Dodging
   410 | D        | Reached skill level 8 in Unarmed Combat
   410 | D        | Reached XP level 6. HP: 63/63 MP: 6/6
   424 | D        | Slain by a wight

Illustrated notes

Levels and vault maps discovered:
D:        pitsprint [storerooms_1, entrance_room_1, metal_vault_3, armoury_1,
          mini_pit_1, grid_room_1, main_hall_1, silver_pit, the_coven_2,
          the_vestibule_1, steel_vault_5, golden_pit, hallway_of_sentries,
          crystal_vault_4, iron_vault_4, final_vault]

Skill      XL: |  1  2  3  4  5 |
---------------+----------------+-----
Unarmed Combat | 3 6 8 |  8.9
Dodging        | 2 3 4 5 |  5.6
Shapeshifting  | 5 7 |  7.6
Fighting       | 2 4 |  4.8

Action                     |  1- 3 |  4- 6 || total
---------------------------+-------+-------++-------
  Melee: Unarmed           |    39 |    24 ||    63
         Punch             |       |     2 ||     2
    Use: Potion            |     2 |     6 ||     8
 Armour: Animal skin       |    43 |    23 ||    66
  Dodge: Dodged            |    20 |    19 ||    39

Table legend: (Time is in decaauts)
 A = Elapsed time spent in this place.
 B = Non-inter-level travel time spent in this place.
 C = Inter-level travel time spent in this place.
 D = Time resting spent in this place.
 E = Time spent auto-exploring this place.
 F = Levels seen in this place.
 G = Mean time per level.
                   A        B        C        D        E       F      G
               +--------+--------+--------+--------+--------+-----+--------+
         Total |    432 |    414 |     18 |    218 |      0 |   1 |  432.0 |
       Dungeon |    432 |    414 |     18 |    218 |      0 |   1 |  432.0 |
               +--------+--------+--------+--------+--------+-----+--------+

Top non-repeatable levels by time:
       D: 432 daAuts
